 Dungeon Sprint DCSS version 0.29-a0-222-g5b244fca1f (webtiles) character file.

Game seed: 4040971098896022418

319 mhtbhm the Fighter (level 6, -5/47 HPs)
             Began as a Gargoyle Berserker on Feb 27, 2022.
             Was a Priest of Trog.
             Slain by a fire elemental (8 damage)
             ... summoned by a deep elf pyromancer
             ... in the Dungeon (Sprint III: "The Ten Rune Challenge").
             The game lasted 00:01:05 (847 turns).

mhtbhm the Fighter (Gargoyle Berserker)              Turns: 847, Time: 00:01:06

Health: -5/47      AC:  6    Str: 25      XL:     6   Next: 46%
Magic:  5/5        EV: 12    Int:  9      God:    Trog [***...]
Gold:   43         SH:  0    Dex:  8 (9)  Spells: 5/5 levels left

rFire   . . .      SeeInvis .   a - +0 mace
rCold   . . .      Faith    .   (no shield)
rNeg    + . .      Spirit   .   b - +0 robe
rPois   ∞          Reflect  .   (no helmet)
rElec   +          Harm     .   (no cloak)
rCorr   .          Rampage  .   (no gloves)
Will    .....      NoTele   +   (no boots)
Stlth   +.........              (no amulet)
HPRegen 0.15/turn               (no ring)
MPRegen 0.09/turn               (no ring)

@: on berserk cooldown, slowed, very slow
A: sickness immunity, AC +4, negative energy resistance 1, electricity
resistance, torment resistance 1, petrification resistance, clever 1, low MP 1,
strong 1
a: Renounce Religion, Berserk, Trog's Hand


You were in the Dungeon.
You worshipped Trog.
Trog was most pleased with you.
You visited 1 branch You collected 43 gold pieces.

Inventory:

Hand Weapons
 a - a +0 mace (weapon)
Armour
 b - a +0 robe (worn)
Wands
 n - a wand of flame (18)
Scrolls
 h - a scroll of blinking
 i - 2 scrolls of immolation {unknown}
 j - 5 scrolls of identify
 l - a scroll of holy word {unknown}
Potions
 c - a potion of curing
 d - a potion of heal wounds
 e - 2 potions of haste
 f - 2 potions of magic
 g - a potion of berserk rage
 k - 2 potions of mutation
 m - 2 potions of flight


   Skills:
 + Level 9.4 Fighting
 + Level 9.0 Maces & Flails
 + Level 4.8 Armour
 + Level 4.0 Dodging
 + Level 1.0 Stealth


You had 5 spell levels left.
You didn't know any spells.
Your spell library was empty.

Dungeon Overview and Level Annotations

Branches:
Dungeon (1/1)

Altars:
Dithmenos
Elyvilon
Kikubaaqudgha
Ru
Sif Muna
Vehumet
Yredelemnul
Zin
The Shining One


Innate Abilities, Weirdness & Mutations

You are immune to sickness and miasma.
Your stone body is resilient. (AC +4)
You are immune to poison.
You resist negative energy. (rN+)
You are resistant to electric shocks. (rElec)
You are resistant to unholy torment.
You are immune to petrification.
Your mind is acute. (Int +2)
Your magical capacity is low. (-10% MP)
Your muscles are strong. (Str +2)


Message History

The deep elf pyromancer shouts!
The deep elf pyromancer points at you and mumbles some strange words.
The sticky flame hits you!
You are covered in liquid flames!
There is an open door here.
You are covered in liquid flames!
The flames go out!
There is a fountain of clear blue water here.
A red film seems to cover your vision as you go berserk!
You feel yourself moving faster!
You feel mighty!
You can no longer call in reinforcements.
You feel a strong urge to attack something.
You miss the deep elf pyromancer.
The deep elf pyromancer hits you with a +1 long sword of holy wrath.
You closely miss the deep elf pyromancer.
The deep elf pyromancer hits you with a +1 long sword of holy wrath.
You sock the deep elf pyromancer!
The deep elf pyromancer is heavily wounded.
You sock the deep elf pyromancer!
The deep elf pyromancer is heavily wounded.
The deep elf pyromancer hits you but does no damage.
You sock the deep elf pyromancer!
The deep elf pyromancer is almost dead.
You barely miss the deep elf pyromancer.
The deep elf pyromancer is almost dead.
The deep elf pyromancer gestures wildly while chanting.
The deep elf pyromancer blinks!
You feel a strong urge to attack something.
You are no longer berserk.
You are exhausted.
You feel yourself slow down.
The deep elf pyromancer mumbles some strange words.
You hit the fire elemental but do no damage.
The deep elf pyromancer gestures at you while chanting.
The bolt of fire hits the fire elemental.
The fire elemental completely resists.
The bolt of fire hits you!!
Ouch! That really hurt!
* * * LOW HITPOINT WARNING * * *
The fire elemental hits you. The fire elemental burns you!
You die...

▓▓▓▓▓▓ ▓▓▓ .....♣
♣.##### #### .....♣♣
♣.#___# #__# ......♣
♣.#!..# #._#
....≈♣♣♣♣♣.###'#+###)##
...≈≈.♣..♣.#....@E○e..#
..≈≈≈≈..♣♣.'.⌠...E....#
..≈≈≈≈≈≈...#...######+#
.≈≈≈≈≈≈....#.⌠.#
.≈≈≈≈≈.....#)..#
.≈≈≈.......#'###
...........#):.#
...........#___#
▓▓▓▓▓▓▓▓▓▓▓▓▓▓▓▓


You could see a deep elf pyromancer and 2 fire elementals.

Vanquished Creatures
  A necrophage (D)
  A scorpion (D)
  A water elemental (D)
  Jessica (D)
  A wizard (D)
  A necromancer (D)
  A kobold demonologist (D)
  A human (D)
  2 endoplasms (D)
10 creatures vanquished.

Notes
Turn   | Place    | Note
-------+----------+-------------------------------------------
     0 | D        | mhtbhm the Gargoyle Berserker began the quest for the Orb.
     0 | D        | Reached XP level 1. HP: 14/14 MP: 1/1
   179 | D        | Noticed Jessica
   182 | D        | Killed Jessica
   182 | D        | Reached ** piety under Trog
   183 | D        | Reached skill level 5 in Fighting
   183 | D        | Reached XP level 2. HP: 21/21 MP: 2/2
   183 | D        | Reached XP level 3. HP: 26/26 MP: 3/3
   252 | D        | Reached skill level 5 in Maces & Flails
   302 | D        | Noticed a scorpion
   311 | D        | Killed a scorpion
   312 | D        | Reached XP level 4. HP: 34/34 MP: 4/4
   329 | D        | Gained mutation: You expend magic power (3 MP) to
                  | strengthen your wands. [potion of mutation]
   329 | D        | Gained mutation: You are agile. (Dex +2) [potion of
                  | mutation]
   329 | D        | Lost mutation: You are agile. (Dex +2) [potion of mutation]
   341 | D        | Lost mutation: You expend magic power (3 MP) to strengthen
                  | your wands. [potion of mutation]
   341 | D        | Gained mutation: Your muscles are strong. (Str +2) [potion
                  | of mutation]
   341 | D        | Gained mutation: Your mind is acute. (Int +2) [potion of
                  | mutation]
   341 | D        | Gained mutation: Your magical capacity is low. (-10% MP)
                  | [potion of mutation]
   453 | D        | Noticed a water elemental
   460 | D        | Killed a water elemental
   461 | D        | Reached XP level 5. HP: 39/39 MP: 4/4
   508 | D        | Found a basalt altar of Yredelemnul.
   508 | D        | Found a shadowy altar of Dithmenos.
   508 | D        | Found a sacrificial altar of Ru.
   508 | D        | Noticed a necrophage
   515 | D        | Killed a necrophage
   516 | D        | Reached XP level 6. HP: 41/45 MP: 5/5
   522 | D        | Reached *** piety under Trog
   636 | D        | Found a radiant altar of Vehumet.
   636 | D        | Found a shimmering blue altar of Sif Muna.
   636 | D        | Found an ancient bone altar of Kikubaaqudgha.
   644 | D        | Reached skill level 1 in Stealth
   652 | D        | Reached **** piety under Trog
   832 | D        | Found a glowing silver altar of Zin.
   832 | D        | Found a glowing golden altar of the Shining One.
   832 | D        | Found a white marble altar of Elyvilon.
   833 | D        | Noticed a deep elf pyromancer
   847 | D        | Noticed a fire elemental
   847 | D        | Noticed a fire elemental
   847 | D        | Slain by a fire elemental

Illustrated notes

Levels and vault maps discovered:
D:        dungeon_sprint_mu [sprint_mu_entry_forest, sprint_mu_temple_rooms,
          sprint_mu_d1_spiders, sprint_mu_d2_genie, sprint_mu_d3_branching,
          sprint_mu_orc_legion, sprint_mu_elf_gauntlet, sprint_mu_hive_nellie,
          sprint_mu_lair_fedhas, sprint_mu_vaults_butterflies,
          sprint_mu_slime_circle, sprint_mu_shoals_kraken,
          sprint_mu_snake_twists, sprint_mu_blade_basic, sprint_mu_crypt_lich,
          sprint_mu_tomb_spiral, sprint_mu_vestibule_basic,
          sprint_mu_gehenna_hellfire, sprint_mu_dis_giant,
          sprint_mu_tartarus_statrot, sprint_mu_cocytus_islands, sprint_mu_zot1]

Skill      XL: |  1  2  3  4  5  6 |
---------------+-------------------+-----
Fighting       | 5 7 8 9 |  9.4
Maces & Flails | 4 6 7 8 9 |  9.0
Armour         | 3 4 |  4.8
Dodging        | 2 3 4 |  4.0
Stealth        | 1 |  1.0

Action                   |  1- 3 |  4- 6 || total
-------------------------+-------+-------++-------
Melee: Mace              |    18 |    37 ||    55
Invok: Berserk           |     3 |     3 ||     6
  Use: Potion            |       |     2 ||     2
Armor: Robe              |     2 |    25 ||    27
Dodge: Dodged            |     8 |    35 ||    43

Table legend: (Time is in decaauts)
 A = Elapsed time spent in this place.
 B = Non-inter-level travel time spent in this place.
 C = Inter-level travel time spent in this place.
 D = Time resting spent in this place.
 E = Time spent auto-exploring this place.
 F = Levels seen in this place.
 G = Mean time per level.
                   A        B        C        D        E       F      G
               +--------+--------+--------+--------+--------+-----+--------+
         Total |    892 |    892 |      0 |    650 |      1 |   1 |  892.0 |
       Dungeon |    892 |    892 |      0 |    650 |      1 |   1 |  892.0 |
               +--------+--------+--------+--------+--------+-----+--------+

Top non-repeatable levels by time:
       D: 892 daAuts
